 Dungeon Crawl Stone Soup version 0.32-a0-960-g3814254bd7 (webtiles) character file.

Game seed: 15620238425074836303

1750 dialectric the Trooper (level 9, -1/48 HPs)
             Began as a Vine Stalker Fighter on Apr 17, 2024.
             Was a Follower of Nemelex Xobeh.
             Slain by a gnoll sergeant
             ... wielding a +0 spear
              (7 damage)
             ... on level 7 of the Dungeon.
             The game lasted 00:06:01 (4754 turns).

dialectric the Trooper (Vine Stalker Fighter)       Turns: 4754, Time: 00:06:02

Health: -1/48      AC:  9    Str: 23    XL:     9   Next: 6%
Magic:  0/19       EV:  5    Int:  8    God:    Nemelex Xobeh [*.....]
Gold:   309        SH:  0    Dex: 20    Spells: 8/8 levels left

rFire   . . .        a - +0 flail
rCold   . . .        (no shield)
rNeg    . . .        b - +0 scale mail
rPois   .            (no helmet)
rElec   .            (no cloak)
rCorr   .            l - +0 pair of gloves
SInv    .            g - +0 pair of boots
Will    +....        o - amulet of faith Stlth
                     r - ring of magical power
HPRegen 1.08/turn    d - +6 ring of dexterity
MPRegen 0.16/turn

%: guardian spirit, faith
@: held
A: fangs 3, regeneration 1, magic shield, antimagic bite, no potion heal 2
a: Renounce Religion, Draw Escape, Draw Destruction, Draw Summoning


You were on level 7 of the Dungeon.
You worshipped Nemelex Xobeh.
Nemelex Xobeh was aware of your devotion.
You visited 2 branches of the dungeon, and saw 8 of its levels.
You also visited: Bailey.

You collected 309 gold pieces.

Inventory:

Hand Weapons
 a - a +0 flail (weapon)
 m - a +4 war axe
Missiles
 f - 9 poisoned darts (quivered)
 j - a throwing net
Armour
 b - a +0 scale mail (worn)
 c - a +0 buckler
 g - a +0 pair of boots (worn)
 l - a +0 pair of gloves (worn)
Jewellery
 d - a +6 ring of dexterity (right hand)
 o - an amulet of faith (around neck)
 r - a ring of magical power (left hand)
 y - a ring of poison resistance
 F - a +6 ring of intelligence
Scrolls
 e - a scroll of enchant weapon {unknown}
 h - 3 scrolls of identify {unknown}
 k - 3 scrolls of blinking {unknown}
 n - a scroll of amnesia {unknown}
 s - a scroll of enchant armour {unknown}
 t - 2 scrolls of fog {unknown}
 v - a scroll of silence {unknown}
 E - a scroll of vulnerability {unknown}
 G - a scroll of poison {unknown}
Potions
 i - 8 potions of curing {unknown}
 p - 2 potions of degeneration {unknown}
 q - a potion of haste {unknown}
 u - a potion of magic {unknown}
 w - a potion of attraction {unknown}
 x - a potion of enlightenment {unknown}
 z - a potion of ambrosia {unknown}
 A - a potion of cancellation {unknown}
 B - 3 potions of might
 C - a potion of heal wounds {unknown}
 D - a potion of brilliance {unknown}
 H - a potion of mutation {unknown}


   Skills:
 + Level 5.8 Fighting
 + Level 5.3 Maces & Flails
 + Level 5.3 Armour
 + Level 4.3 Dodging
 - Level 3.0 Shields


You had 8 spell levels left.
You didn't know any spells.
Your spell library contained the following spells:

 Spells                   Type           Power      Damage    Failure   Level
 Volatile Blastmotes      Fire/Tloc      0%         2d10      97%         3
 Animate Dead             Necr           0%         N/A       100%        4
 Petrify                  Alch/Erth      0%         N/A       100%        4
 Vhi's Electric Charge    Tloc/Air       0%         N/A       100%        4
 Irradiate                Conj/Alch      0%         3d11      100%        5
 Gell's Gavotte           Tloc           0%         2d(11-16) 100%        6
 Haunt                    Necr/Summ      0%         N/A       100%        7
 Fulsome Fusillade        Conj/Alch      0%         (3-5)d4   100%        8
 Infestation              Necr           0%         N/A       100%        8


Dungeon Overview and Level Annotations

Branches:
Dungeon (7/15)             Temple (1/1) D:5          Bailey (visited)

Altars:
Ashenzari
Cheibriados
Dithmenos
Fedhas
Gozag
Hepliaklqana
Kikubaaqudgha
Makhleb
Nemelex Xobeh
Okawaru
Qazlal
Ru
Sif Muna
Trog
Uskayaw
Vehumet
Wu Jian
Xom
Yredelemnul
Zin
The Shining One

Shops:
D:5 *

Annotations:
D:5 3 runed translucent doors, Pikel; lucidstorm14's ghost, novice MiBe


Innate Abilities, Weirdness & Mutations

You have razor-sharp teeth.
Your natural rate of healing is unusually fast.
When hurt, damage is shared between your health and your magic reserves.
Your bite disrupts and absorbs the magic of your enemies.
Potions cannot restore your health.


Message History

The spriggan hits you but does no damage.
The spriggan attacks as it pursues you!
The spriggan splashes around in the water.
The ogre attacks as it pursues you! The ogre misses you.
The spriggan attacks as it pursues you!
The spriggan hits you from afar with a +0 spear. x2
The spriggan attacks as it pursues you! The spriggan closely misses you.
The ogre misses you.
The spriggan hits you from afar with a +0 spear!
There is a gate leading back out of this place here.
The spriggan hits you from afar with a +0 spear!
* * * LOW HITPOINT WARNING * * *
The ogre misses you.
The spriggan hits you but does no damage.
Welcome back to the Dungeon!
The ufetubus closely misses you. The ufetubus barely misses you.
There is an empty arch of ancient stone here.
Unknown command.
Unknown command.
You hit the ufetubus but do no damage.
The ufetubus hits you but does no damage.
The ufetubus barely misses you.
The gnoll throws a throwing net.
The throwing net hits you.
You become entangled in the net!
The ufetubus slips past you! The ufetubus closely misses you.
The ufetubus hits you but does no damage.
Unknown command.
You struggle against the net.
The ufetubus hits you.
* * * LOW HITPOINT WARNING * * *
The ufetubus hits you but does no damage.
The gnoll closely misses you.
You struggle against the net.
The ufetubus hits you.
* * * LOW HITPOINT WARNING * * *
The ufetubus hits you but does no damage. x2
The ufetubus barely misses you. The gnoll hits you with a +0 flail.
* * * LOW HITPOINT WARNING * * *
You struggle against the net.
The gnoll hits you with a +0 whip.
* * * LOW HITPOINT WARNING * * *
The gnoll sergeant hits you from afar with a +0 spear!
You die...
Your body disappears without a glow.

.....#......<...####..#.<#
#.#..###....###.# #.##.#
#........##..##.#####.# #
##.....####..........##
#.#.....#.....ß.......
###.#.#.#....ß.....ß..#
..#...#..##...........#
.....###..............#
...### #..#ß...g@5...ß#
...# #..#...gg......# ...#
#..............# .#.#
......ßg....ß..#
.........##.....ß.....#
.#.... #.$...#.####.#.#
.###.## ####.#.# ....# .#
... #.#.# ###.# .. ### #
..#


You could see a gnoll sergeant, 3 gnolls and an ufetubus.

Vanquished Creatures
  Prince Ribbit (D:6)
  Menkaure (D:5)
  An orc warrior (D:6)
  A black bear (D:6)
  A sky beast (D:6)
  2 centaurs
  3 lemures (Temple)
  A phantom (D:5)
  A bullfrog (D:7)
  4 scorpions
  A howler monkey (D:7)
  A jelly (D:7)
  4 hounds
  A gnoll bouda (D:6)
  An orc priest (D:4)
  2 iguanas
  4 sleepcaps
  2 orc wizards (D:4)
  A gnoll (D:1)
  8 adders
  A white imp (D:5)
  An ufetubus (D:7)
  A ribbon worm (D:2)
  3 dart slugs
  11 orcs
  5 endoplasms
  4 giant cockroaches
  5 goblins
  7 hobgoblins
  2 jackals (D:1)
  2 quokkas
  2 ball pythons (D:1)
  12 bats
  3 frilled lizards
  5 kobolds
  7 rats
112 creatures vanquished.

Notes
Turn   | Place    | Note
-------+----------+-------------------------------------------
     0 | D:1      | dialectric the Vine Stalker Fighter began the quest for the
                  | Orb.
     0 | D:1      | Reached XP level 1. HP: 11/11 MP: 2/2
   123 | D:1      | Reached XP level 2. HP: 16/16 MP: 3/3
   373 | D:1      | Reached XP level 3. HP: 20/20 MP: 2/4
   878 | D:2      | Reached XP level 4. HP: 18/24 MP: 5/5
  1342 | D:3      | Reached skill level 1 in Dodging
  2171 | D:4      | Reached XP level 5. HP: 28/28 MP: 6/6
  2309 | D:4      | Found a broken altar of Ashenzari.
  2375 | D:4      | Found a basalt altar of Yredelemnul.
  2495 | D:4      | Reached XP level 6. HP: 30/33 MP: 7/7
  2857 | D:5      | Entered Level 5 of the Dungeon
  2956 | D:5      | Reached XP level 7. HP: 37/37 MP: 8/8
  2961 | D:5      | Found a staircase to the Ecumenical Temple.
  2963 | D:5      | Noticed Pikel
  3578 | D:5      | Found a runed translucent gate.
  3582 | D:5      | Found Zin's Purification Station.
  3583 | D:5      | Found a runed translucent gate.
  3594 | D:5      | Found a runed translucent gate.
  3594 | D:5      | Noticed lucidstorm14's ghost (novice MiBe)
  3601 | D:5      | Gained mutation: You have razor-sharp teeth. [Vine Stalker
                  | growth]
  3601 | D:5      | Reached XP level 8. HP: 41/42 MP: 9/9
  3601 | D:5      | Noticed Menkaure
  3602 | D:5      | Found a glowing silver altar of Zin.
  3608 | D:5      | Killed Menkaure
  3609 | D:5      | Reached skill level 5 in Fighting
  3704 | Temple   | Entered the Ecumenical Temple
  3710 | Temple   | Became a worshipper of Nemelex Xobeh the Trickster
  3980 | D:6      | Noticed Prince Ribbit
  4001 | D:6      | Killed Prince Ribbit
  4037 | D:6      | Reached skill level 5 in Maces & Flails
  4037 | D:6      | Reached skill level 5 in Armour
  4535 | D:7      | Reached XP level 9. HP: 44/48 MP: 10/10
  4668 | D:7      | Found a flagged portal.
  4688 | Bailey   | Entered a bailey
  4688 | Bailey   | Reached * piety under Nemelex Xobeh
  4754 | D:7      | Slain by a gnoll sergeant

Illustrated notes

Levels and vault maps discovered:
D:1:      co_arrival_random_square_maze, layout_loops_ring
D:2:      layout_basic
D:3:      layout_basic, minivault_25, minmay_misc_feat_ornament
D:4:      layout_loops_ring, mainiacjoe_overflow_alcove_1,
          mainiacjoe_overflow_boulevard
D:5:      layout_basic, zin_purify, minmay_temple_entry_arrows,
          gammafunk_ghost_nasty_kobolds, uniq_pikel, uniq_menkaure
D:6:      old_forge, layout_loops_ring, minmay_between, uniq_prince_ribbit1
D:7:      layout_rooms, enter_bailey_6, nicolae_letterblocks
          [nicolae_letter_subblock, nicolae_letter_subblock,
          nicolae_letter_subblock, nicolae_letter_subblock,
          nicolae_letter_subblock, nicolae_letter_subblock,
          nicolae_letter_subblock, nicolae_letter_subblock,
          nicolae_letter_subblock, nicolae_letter_subblock,
          nicolae_letter_subblock, nicolae_letter_subblock,
          nicolae_letter_subblock, nicolae_letter_subblock,
          nicolae_letter_subblock, nicolae_letter_subblock,
          nicolae_letter_subblock, nicolae_letter_subblock,
          nicolae_letter_subblock, nicolae_letter_subblock,
          nicolae_letter_subblock, nicolae_letter_subblock,
          nicolae_letter_subblock, nicolae_letter_subblock,
          nicolae_letter_subblock]
Temple:   eino_narrow_crystal_temple

Skill      XL: |  1  2  3  4  5  6  7  8 |
---------------+-------------------------+-----
Maces & Flails | 2 3 4 5 |  5.3
Fighting       | 3 4 5 |  5.8
Shields        | 3 |  3.0
Armour         | 3 4 5 |  5.3
Dodging        | 1 2 3 4 |  4.3

Action                     |  1- 3 |  4- 6 |  7- 9 || total
---------------------------+-------+-------+-------++-------
  Melee: Flail             |    77 |   168 |   165 ||   410
         Bite              |    15 |    35 |    69 ||   119
  Throw: Dart              |       |       |     1 ||     1
    Use: Potion            |       |       |     1 ||     1
 Armour: Scale mail        |    69 |   112 |   190 ||   371
  Dodge: Dodged            |    42 |    86 |   153 ||   281

Table legend: (Time is in decaauts)
 A = Elapsed time spent in this place.
 B = Non-inter-level travel time spent in this place.
 C = Inter-level travel time spent in this place.
 D = Time resting spent in this place.
 E = Time spent auto-exploring this place.
 F = Levels seen in this place.
 G = Mean time per level.
                   A        B        C        D        E       F      G
               +--------+--------+--------+--------+--------+-----+--------+
         Total |   4853 |   4747 |    106 |    220 |   3354 |   9 |  539.2 |
       Dungeon |   4723 |   4617 |    106 |    220 |   3312 |   7 |  674.7 |
        Temple |     64 |     64 |      0 |      0 |      0 |   1 |   64.0 |
        Bailey |     65 |     65 |      0 |      0 |     42 |   1 |   65.0 |
               +--------+--------+--------+--------+--------+-----+--------+

Top non-repeatable levels by time:
     D:6: 1183 daAuts
     D:4: 824 daAuts
     D:3: 733 daAuts
     D:2: 707 daAuts
     D:1: 653 daAuts
     D:5: 453 daAuts
     D:7: 167 daAuts
  Bailey: 65 daAuts
  Temple: 64 daAuts
